 Dungeon Crawl Stone Soup version 0.29.0-4-gdea44cf6ec (webtiles) character file.

Game seed: 5171156678359573528

205 qw the Ruffian (level 5, -8/41 HPs)
             Began as a Ghoul Fire Elementalist on Aug 30, 2022.
             Splashed by a jelly's acid (9 damage)
             ... on level 4 of the Dungeon.
             The game lasted 00:03:01 (4479 turns).

qw the Ruffian (Ghoul Fire Elementalist)            Turns: 4479, Time: 00:03:02

Health: -8/41      AC: -3    Str: 14    XL:     5   Next: 83%
Magic:  6/6        EV:  6    Int: 10    God:
Gold:   160        SH:  0    Dex:  9    Spells: 6/7 levels left

rFire   . . .      SeeInvis .     - Unarmed
rCold   + . .      Faith    .   (no shield)
rNeg    + + +      Spirit   .   g - +0 chain mail
rPois   inf        Reflect  .   (no helmet)
rElec   .          Harm     .   (no cloak)
rCorr   .          Rampage  .   (no gloves)
Will    .....                   (no boots)
Stlth   ..........              (no amulet)
HPRegen 0.00/turn               (no ring)
MPRegen 0.10/turn               (no ring)

@: about to teleport, corroded, inhibited regen
A: claws 1, cold resistance 1, negative energy resistance 3, inhibited
regeneration, torment resistance 2, devour on kill
a: no special abilities


You were on level 4 of the Dungeon.
You visited 1 branch of the dungeon, and saw 4 of its levels.

You collected 160 gold pieces.


Innate Abilities, Weirdness & Mutations

You are immune to poison.
You have sharp fingernails.
Your flesh is cold resistant. (rC+)
You are immune to negative energy. (rN+++)
You do not regenerate when monsters are visible.
You are immune to unholy pain and torment.
You thrive by killing the living.


   Skills:
 - Level 2.1 Fighting
 - Level 1.0 Armour
 - Level 1.7 Dodging
 - Level 2.1 Stealth
 + Level 5.1 Unarmed Combat
 - Level 1.7 Spellcasting
 - Level 0.7 Conjurations
 - Level 2.4 Fire Magic


You had 6 spell levels left.
You knew the following spells:

 Your Spells              Type           Power      Damage    Failure   Level
a - Foxfire               Conj/Fire      16%        2x1d4     99%         1

Your spell library contained the following spells:

 Spells                   Type           Power      Damage    Failure   Level
 Scorch                   Fire           10%        2d5       99%         2
 Conjure Flame            Conj/Fire      4%         6-21      100%        3
 Inner Flame              Hex/Fire       3%         N/A       100%        3
 Flame Wave               Conj/Fire      4%         2d5       100%        4

Inventory:

Armour
 g - a +0 chain mail (worn)
Scrolls
 c - a scroll of immolation {unknown}
 d - a scroll of teleportation
 e - a scroll of fog {unknown}
 f - a scroll of identify
Potions
 a - 2 potions of might {unknown}
 b - a potion of curing {unknown}
 h - a potion of heal wounds {unknown}

Dungeon Overview and Level Annotations

Branches:
Dungeon (4/15)
 Temple: D:4-7

Altars:
Nemelex Xobeh


Message History

You scratch the orc.
You kill the orc!
You feel better.
You start resting.
HP restored.
The orc shouts!
You closely miss the orc. The orc hits you but does no damage.
An orc priest comes into view. It is wielding a +0 club.
4463 ||| Stepping ~*~*~tactically~*~*~ (stealth).
You scratch the orc.
The orc is almost dead.
The orc hits you but does no damage.
You claw the orc!
You kill the orc!
e - a scroll labelled HUILELEGARR
Items here: % ) = [.
A jelly comes into view.
The jelly quivers.
4471 ||| Stepping ~*~*~tactically~*~*~ (stealth).
Items here: % ) = [.
You scratch the jelly. The acid corrodes you!
Your claws burn!
The jelly is lightly wounded.
The jelly barely misses you.
An orc comes into view. It is wielding a +0 dagger.
4475 ||| Stepping ~*~*~tactically~*~*~ (stealth).
You barely miss the jelly.
The jelly is lightly wounded.
The jelly hits you. The acid corrodes you!
You are splashed with acid!
You scratch the jelly.
Your claws burn!
The jelly is moderately wounded.
The jelly hits you.
You are splashed with acid.
You scratch the jelly but do no damage.
Your claws burn!
The jelly is moderately wounded.
The jelly hits you. The acid corrodes you!
You are splashed with acid!
4479 ||| READING 2 scrolls of teleportation.
As you read the scroll of teleportation, it crumbles to dust.
You feel strangely unstable. The jelly hits you.
You are splashed with acid!
You die...

..........#.)..#..............
######..##.)..##..#########.# ##
##o..#......#............. .#
####...##..##..##.#########.#
.####......#..####..#.......<...#
.'..#......#..####..#.#####.#.###
.##........##..##..##.# #......
.####.......#......#..#######.###
## #.......##)J@.##..........#<.
#........#....# .########.###
#...o............##..........
#................##.#####.###
#................# #.....#
.)#####.#.#.###### #.#####
#.#.#.# # #.#.# .....


You could see a jelly.

Vanquished Creatures
  An orc wizard (D:4)
  Natasha (thrice) (D:2)
  3 adders (D:2)
  A worm (D:2)
  2 dart slugs
  7 orcs
  5 endoplasms
  3 giant cockroaches
  6 goblins
  5 hobgoblins
  10 kobolds
  4 quokkas
  6 ball pythons
  5 bats
  4 frilled lizards
  3 rats (D:1)
68 creatures vanquished.

Notes
Turn   | Place    | Note
-------+----------+-------------------------------------------
     0 | D:1      | qw the Ghoul Fire Elementalist began the quest for the Orb.
     0 | D:1      | Reached XP level 1. HP: 14/14 MP: 2/2
     0 | D:1      | 0 ||| qw: Version: 0.1-a-90-g952f4b7
     0 | D:1      | 0 ||| qw: Game counter: 4351
     0 | D:1      | 0 ||| qw: Always use a shield: true
     0 | D:1      | 0 ||| qw: God list: Okawaru
     0 | D:1      | 0 ||| qw: Allow faded altars: false
     0 | D:1      | 0 ||| qw: Do Orc after D:15 true
     0 | D:1      | 0 ||| qw: Do second Lair branch before Depths: true
     0 | D:1      | 0 ||| qw: Lair rune preference: random
     0 | D:1      | 0 ||| qw: Plans: Normal
     0 | D:1      | 0 ||| PLANNING D:1-11
    56 | D:1      | HP: 2/14 [quokka (4)]
   376 | D:1      | Reached skill level 1 in Unarmed Combat
   584 | D:1      | Reached skill level 1 in Fighting
   584 | D:1      | Reached XP level 2. HP: 23/23 MP: 3/3
   599 | D:1      | 599 ||| Stepping ~*~*~tactically~*~*~ (hiding).
   958 | D:1      | Found a faded altar of an unknown god.
  1156 | D:1      | Reached skill level 2 in Unarmed Combat
  1189 | D:1      | 1189 ||| Stepping ~*~*~tactically~*~*~ (stealth).
  1192 | D:1      | 1192 ||| Stepping ~*~*~tactically~*~*~ (stealth).
  1201 | D:1      | 1201 ||| Stepping ~*~*~tactically~*~*~ (stealth).
  1219 | D:1      | 1219 ||| Stepping ~*~*~tactically~*~*~ (stealth).
  1226 | D:1      | 1226 ||| Stepping ~*~*~tactically~*~*~ (stealth).
  1512 | D:1      | Reached XP level 3. HP: 17/28 MP: 4/4
  2089 | D:1      | 2089 ||| UPGRADING to +0 ring mail.
  2099 | D:1      | 2099 ||| DROPPING +0 robe.
  2100 | D:1      | 2100 ||| READING 2 scrolls labelled POCHARREFUE.
  2104 | D:1      | 2104 ||| READING 2 scrolls labelled ALODGH QYMEPPUA.
  2105 | D:1      | 2105 ||| DROPPING potion of magic.
  2106 | D:1      | 2106 ||| DROPPING scroll of vulnerability.
  2158 | D:2      | 2158 ||| Stepping ~*~*~tactically~*~*~ (stealth).
  2166 | D:2      | 2166 ||| Stepping ~*~*~tactically~*~*~ (stealth).
  2167 | D:2      | 2167 ||| Stepping ~*~*~tactically~*~*~ (stealth).
  2169 | D:2      | 2169 ||| Stepping ~*~*~tactically~*~*~ (stealth).
  2420 | D:2      | Reached skill level 3 in Unarmed Combat
  2506 | D:2      | 2506 ||| Stepping ~*~*~tactically~*~*~ (stealth).
  2508 | D:2      | Reached XP level 4. HP: 35/35 MP: 5/5
  2508 | D:2      | Noticed Natasha
  2519 | D:2      | Killed Natasha
  2520 | D:2      | Reached skill level 4 in Unarmed Combat
  2744 | D:2      | Noticed Natasha
  2753 | D:2      | Killed Natasha
  2968 | D:2      | Noticed Natasha
  2979 | D:2      | Killed Natasha
  2980 | D:2      | Reached XP level 5. HP: 33/41 MP: 6/6
  3385 | D:2      | 3385 ||| UPGRADING to +1 ring mail of cold resistance.
  3395 | D:2      | 3395 ||| DROPPING +0 ring mail.
  3396 | D:2      | 3396 ||| UPGRADING to +0 chain mail.
  3406 | D:2      | 3406 ||| DROPPING +1 ring mail of cold resistance.
  3407 | D:2      | 3407 ||| READING scroll labelled USTRUM RU YDEXO.
  3408 | D:2      | 3408 ||| READING scroll labelled NUBEWK WAGRE.
  3542 | D:3      | 3542 ||| STAIRDANCE
  3553 | D:3      | 3553 ||| STAIRDANCE
  3588 | D:3      | 3588 ||| STAIRDANCE
  3626 | D:3      | 3626 ||| Stepping ~*~*~tactically~*~*~ (hiding).
  3627 | D:3      | 3627 ||| Stepping ~*~*~tactically~*~*~ (hiding).
  4222 | D:3      | 4222 ||| DROPPING amulet of magic regeneration.
  4223 | D:3      | 4223 ||| READING scroll labelled OKKULA EPPURU.
  4306 | D:4      | Found a sparkling altar of Nemelex Xobeh.
  4315 | D:4      | 4315 ||| Stepping ~*~*~tactically~*~*~ (stealth).
  4317 | D:4      | 4317 ||| Stepping ~*~*~tactically~*~*~ (hiding).
  4325 | D:4      | 4325 ||| Stepping ~*~*~tactically~*~*~ (outnumbered).
  4327 | D:4      | Reached skill level 1 in Armour
  4329 | D:4      | Reached skill level 5 in Unarmed Combat
  4330 | D:4      | 4330 ||| Stepping ~*~*~tactically~*~*~ (outnumbered).
  4332 | D:4      | 4332 ||| Stepping ~*~*~tactically~*~*~ (outnumbered).
  4337 | D:4      | 4337 ||| Stepping ~*~*~tactically~*~*~ (outnumbered).
  4343 | D:4      | 4343 ||| FLEEEEING.
  4347 | D:4      | 4347 ||| FLEEEEING.
  4348 | D:4      | 4348 ||| FLEEEEING.
  4349 | D:4      | 4349 ||| FLEEEEING.
  4350 | D:4      | 4350 ||| FLEEEEING.
  4351 | D:4      | 4351 ||| FLEEEEING.
  4356 | D:4      | 4356 ||| FLEEEEING.
  4357 | D:4      | 4357 ||| FLEEEEING.
  4358 | D:4      | 4358 ||| FLEEEEING.
  4359 | D:4      | 4359 ||| FLEEEEING.
  4360 | D:4      | 4360 ||| FLEEEEING.
  4361 | D:4      | 4361 ||| FLEEEEING.
  4362 | D:4      | 4362 ||| FLEEEEING.
  4463 | D:4      | 4463 ||| Stepping ~*~*~tactically~*~*~ (stealth).
  4471 | D:4      | 4471 ||| Stepping ~*~*~tactically~*~*~ (stealth).
  4475 | D:4      | 4475 ||| Stepping ~*~*~tactically~*~*~ (stealth).
  4478 | D:4      | HP: 4/41 [acid (7)]
  4479 | D:4      | 4479 ||| READING 2 scrolls of teleportation.
  4479 | D:4      | HP: 1/41 [jelly (3)]
  4479 | D:4      | Splashed by a jelly's acid

Levels and vault maps discovered:
D:1:      lightli_arrival_farm, layout_basic,
          shapermc_ecumenical_altar_mp_highgroup
D:2:      layout_loops_ring, minmay_parallelograms, hangedman_decor_growths,
          hangedman_abyss_or_decor_stabs, uniq_natasha
D:3:      layout_basic, serial_curves, eino_curves_03, eino_curves_01,
          eino_curves_04, minmay_strange_pillars, kennysheep_generic_room_10
D:4:      layout_basic, kennysheep_little_box, minmay_temple_entry_mini_moons,
          serial_shops, nicolae_shop_overgrown_old_shop, minmay_misc_feat_iff

Skill      XL: |  1  2  3  4  5 |
---------------+----------------+-----
Unarmed Combat | 1 2 3 4 5 |  5.1
Fighting       | 1 2 |  2.1
Armour         | 1 |  1.0
Dodging        | |  1.7
Stealth        | |  2.1
Spellcasting   | |  1.7
Conjurations   | |  0.7
Fire Magic     | |  2.4

Action                   |  1- 3 |  4- 6 || total
-------------------------+-------+-------++-------
Melee: Unarmed           |   168 |   114 ||   282
       Punch             |     3 |     1 ||     4
  Use: Scroll            |     2 |     4 ||     6
Armor: Robe              |    25 |       ||    25
       Ring mail         |    21 |    19 ||    40
       Chain mail        |       |    25 ||    25
Dodge: Dodged            |    95 |    30 ||   125

Table legend:
 A = Non-vault XP
 B = Vault XP
 C = Vault XP percentage of total XP
 D = Non-vault monster count
 E = Vault monster count
 F = Vault count percentage of total count
                 A         B        C        D         E       F
            +---------+---------+-------+---------+---------+-------
      Total |     261 |      33 |  11.2 |      67 |       1 |   1.5
            +---------+---------+-------+---------+---------+-------
        D:1 |      41 |       0 |   0.0 |      26 |       0 |   0.0
        D:2 |     149 |      33 |  18.1 |      24 |       1 |   4.0
        D:3 |      18 |       0 |   0.0 |       9 |       0 |   0.0
        D:4 |      53 |       0 |   0.0 |       8 |       0 |   0.0
            +---------+---------+-------+---------+---------+-------
